 Dungeon Crawl Stone Soup version 0.28.0-53-g5a82cb258f (webtiles) character file.

Game seed: 4899158572410531202

45 pkoi the Gusty (level 3, -3/26 HPs)
             Began as a Demigod Air Elementalist on May 21, 2022.
             Slain by a gnoll
             ... wielding a +0 whip
              (4 damage)
             ... on level 1 of the Dungeon.
             The game lasted 00:01:50 (1705 turns).

pkoi the Gusty (Demigod Air Elementalist)           Turns: 1705, Time: 00:01:51

Health: -3/26      AC:  2    Str:  9    XL:     3   Next: 25%
Magic:  6/8        EV: 12    Int: 21    God:
Gold:   26         SH:  0    Dex: 14    Spells: 3/6 levels left

rFire   . . .      SeeInvis .   e - +0 short sword
rCold   . . .      Faith    .   (no shield)
rNeg    . . .      Spirit   .   a - +0 robe
rPois   .          Reflect  .   (no helmet)
rElec   .          Harm     .   (no cloak)
rCorr   .          Rampage  .   (no gloves)
Will    .....                   (no boots)
Stlth   ++........              (no amulet)
HPRegen 0.08/turn               (no ring)
MPRegen 0.11/turn               (no ring)

@: no status effects
A: high MP 1, forlorn, divine attributes
a: no special abilities


You were on level 1 of the Dungeon.
You visited 1 branch of the dungeon, and saw 2 of its levels.

You collected 26 gold pieces.

Inventory:

Hand Weapons
 e - a +0 short sword (weapon)
Armour
 a - a +0 robe (worn)
Jewellery
 b - a ring of positive energy
Scrolls
 d - a scroll of silence {unknown}
 f - a scroll of magic mapping {unknown}
Potions
 c - a potion of curing
 g - a potion of lignification {unknown}


   Skills:
 - Level 1.7 Dodging
 - Level 1.7 Stealth
 + Level 2.0 Spellcasting
 + Level 1.6 Conjurations
 * Level 3.6 Air Magic


You had 3 spell levels left.
You knew the following spells:

 Your Spells              Type           Power      Damage    Failure   Level
a - Shock                 Conj/Air       52%        1d6       4%          1
b - Static Discharge      Conj/Air       13%        N/A       8%          2

Your spell library contained the following spells:

 Spells                   Type           Power      Damage    Failure   Level
 Swiftness                Air            17%        N/A       10%         3
 Airstrike                Air            8%         N/A       32%         4


Dungeon Overview and Level Annotations

Branches:
Dungeon (2/15)

Shops:
D:1 [

Portals:
Abyss: D:1***


Innate Abilities, Weirdness & Mutations

You have an increased reservoir of magic. (+10% MP)
You shall have no god before yourself.
Your divine heritage dramatically boosts your attributes as you level up.


Message History

Aiming: Shock (safe; 4% risk of failure)
Press: ? - help, Q - select action, (/) - cycle Shift-Dir - straight line, f/p - gnoll
Aim: a gnoll, wielding a +0 halberd (heavily wounded, 72% to hit)
The zap hits the gnoll.
The gnoll is almost dead.
The zap hits the gnoll.
The gnoll is almost dead.
The zap hits the gnoll.
The gnoll is almost dead.
The gnoll hits you from afar with a +0 halberd.
The gnoll barely misses you.
You climb upwards.
There is a stone staircase leading down here.
You start resting.
HP restored.
You start resting.
Magic restored.
You start waiting.
Done waiting.
You climb downwards.
The gnoll closely misses you. x2
The gnoll hits you with a +0 whip. The gnoll closely misses you.
There is a stone staircase leading up here.
Unknown command.
The gnoll hits you with a +0 war axe!
* * * LOW HITPOINT WARNING * * *
The gnoll hits you with a +0 whip.
* * * LOW HITPOINT WARNING * * *
The gnoll hits you from afar with a +0 halberd!
* * * LOW HITPOINT WARNING * * *
You climb upwards.
There is a stone staircase leading down here.
Casting: Shock (safe; 4% risk of failure)
Confirm with . or Enter, or press ? or * to list all spells.
The gnoll is struck by an arc of lightning!
The gnoll is heavily wounded.
The gnoll is struck by an arc of lightning.
The gnoll is moderately wounded.
The lightning grounds out.
The gnoll barely misses you. The gnoll hits you with a +0 whip.
You die...

### #...................
######.....#####...#
##...#.....#.).#...#
##.∩.#.....#.∩.#...#
##...#.....#...#..##
######.....######...
################..##########.##
#...>........###.#### #.##
###.####.......g@.....# #.##
....# #.#####.#g..##.# #(##
....####.# #.#....#.########.##
.........# #.#..#.......(..#.##
....###### #.#......######.#.##
....# #.#.##..## #.#... #.#.#
#.#.##..# #.###.
#...##########.#.##..# ###.###.
##.............#.##..# #.......


You could see 2 gnolls.

Vanquished Creatures
  An adder (D:2)
  2 dart slugs (D:1)
  2 bats (D:1)
  4 endoplasms
  4 goblins
  5 hobgoblins
  4 jackals (D:1)
  3 ball pythons (D:1)
  2 frilled lizards (D:1)
  3 rats
30 creatures vanquished.

Notes
Turn   | Place    | Note
-------+----------+-------------------------------------------
     0 | D:1      | pkoi the Demigod Air Elementalist began the quest for the
                  | Orb.
     0 | D:1      | Reached XP level 1. HP: 14/14 MP: 5/5
   100 | D:1      | Reached skill level 1 in Conjurations
   183 | D:1      | Reached skill level 3 in Air Magic
   328 | D:1      | Reached XP level 2. HP: 20/20 MP: 0/7
   621 | D:1      | Learned a level 2 spell: Static Discharge
   684 | D:1      | Found Udgheghewk's Antique Armour Emporium.
  1271 | D:2      | Reached XP level 3. HP: 26/26 MP: 3/8
  1703 | D:2      | HP: 1/26 [gnoll/+0 halberd (11)]
  1705 | D:1      | Slain by a gnoll

Illustrated notes

Levels and vault maps discovered:
D:1:      minmay_arrival_glassed_features, layout_loops_ring, serial_shops,
          nicolae_shop_temple_entry_statues_fountains,
          shapermc_ecumenical_altar_mp_highgroup
D:2:      layout_rooms, corexii_corridor_pit, kennysheep_potato, uniq_robin

Skill      XL: |  1  2 |
---------------+-------+-----
Conjurations   | 1 |  1.6
Air Magic      | 3 |  3.6
Spellcasting   | 2 |  2.0
Dodging        | |  1.7
Stealth        | |  1.7

Action                   || total
-------------------------++-------
Melee: Short sword       ||     5
 Cast: Shock             ||    68
       Static Discharge  ||     2
Armor: Robe              ||     5
Dodge: Dodged            ||    16
